 Dungeon Crawl Stone Soup version 0.19-a0-1855-gb7442ac (webtiles) character file.

230 Alarkh the Magician (level 5, 27/35 HPs)
             Began as a Mummy Fire Elementalist on Oct 10, 2016.
             Safely got out of the dungeon.
             The game lasted 00:05:31 (2358 turns).

Alarkh the Magician (Mummy Fire Elementalist)       Turns: 2358, Time: 00:05:31

Health: 27/35      AC:  3    Str: 11    XL:     5   Next: 72%
Magic:  10/10      EV: 12    Int: 15    God:
Gold:   120        SH:  0    Dex: 13    Spells: 1 memorised, 10 levels left

rFire  x . .     SeeInvis .     k - +3 whip (flame)
rCold  + . .     Gourm    .     a - +0 robe
rNeg   + + +     Faith    .     (no shield)
rPois  ∞         Spirit   .     j - +0 helmet
rElec  .         Dismiss  .     (no cloak)
rCorr  .         Reflect  .     (no gloves)
MR     .....     Harm     .     (no boots)
Stlth  ++........               (no amulet)
                                (no ring)
                                i - +3 ring of slaying

@: no status effects
A: no food or potions, fire vulnerability, cold resistance 1, negative energy
resistance 3, torment resistance, unbreathing
a: no special abilities


You escaped.
You were not hungry.

You visited 1 branch of the dungeon, and saw 3 of its levels.

You collected 120 gold pieces.

Inventory:

Hand Weapons
 f - a +0 short sword
 k - a +3 whip of flaming (weapon)
Armour
 a - a +0 robe (worn)
 j - a +0 helmet (worn)
Jewellery
 i - a +3 ring of slaying (left hand)
Scrolls
 c - a scroll of amnesia {unknown}
 d - a scroll of fear
 e - 2 scrolls of identify
 g - 2 scrolls of recharging {unknown}
 h - a scroll of remove curse {unknown}
Books
 b - a book of Flames

   Spells                             Type                      Level
   a - Flame Tongue                   Conjuration/Fire             1
   b - Throw Flame                    Conjuration/Fire             2
   c - Conjure Flame                  Conjuration/Fire             3
   d - Inner Flame                    Hexes/Fire                   3
   e - Sticky Flame                   Conjuration/Fire             4
   f - Fireball                       Conjuration/Fire             5


   Skills:
 - Level 1.5 Dodging
 - Level 1.5 Stealth
 + Level 3.6 Spellcasting
 + Level 2.9 Conjurations
 + Level 3.4 Fire Magic


You had 10 spell levels left.
You knew the following spells:

 Your Spells              Type           Power        Failure   Level  Hunger
a - Flame Tongue          Conj/Fire      ##...        6%          1    N/A

Dungeon Overview and Level Annotations

Branches:
Dungeon (3/15)

Altars:


Innate Abilities, Weirdness & Mutations

You do not eat or drink.
Your flesh is vulnerable to fire.
You are immune to poison.
Your flesh is cold resistant. (rC+)
You are immune to negative energy. (rN+++)
You are immune to unholy pain and torment.
You can survive without breathing.


Message History

There is an open door here.
There is a stone staircase leading up here.
You climb upwards.
There is a stone staircase leading down here.
A goblin comes into view. It is wielding a dagger.
You can't go up here!
The goblin shouts!
You hit the goblin. You burn the goblin.
You kill the goblin!
Things that are here:
a dagger; a goblin corpse
(D) Dungeon
Where to? (Enter - D:1 @ (x,y), ? - help)
There is an open door here.
You see here an adder skeleton.
There is an open door here.
You see here a club.
There is a staircase leading out of the dungeon here.
Are you sure you want to leave the Dungeon?
This will make you lose the game!
You have escaped!

#.# #'#
#######.
#.####.####
######.
#.#.†...'.#
###....#+
#.####.####
#........
#.#.'...'.#
#.≈≈≈....
#.####.####
#.≈(≈....
#.#.'...'.#
###.≈≈≈....
#÷####.####
#..........
#...).@.'.#
#..........
######.####
#.........#
#.'...'.#
#.........#
####.####
#....!....#
#.'...†.#
#.........#
####.####
#.........#
#.'...†.#
###########
####.####
#...# #.
#'#
####...# #.


There were no monsters in sight!

Vanquished Creatures
  A centaur (D:3)
  An orc priest (D:3)
  3 adders
  3 oozes (D:1)
  5 dart slugs
  3 leopard geckos
  3 orcs (D:3)
  A giant cockroach (D:1)
  5 goblins
  7 hobgoblins
  2 jackals (D:1)
  8 kobolds
  8 bats
  6 frilled lizards
  13 rats
69 creatures vanquished.

Notes
Turn   | Place    | Note
-------+----------+-------------------------------------------
     0 | D:1      | Alarkh the Mummy Fire Elementalist began the quest for the Orb.
     0 | D:1      | Reached XP level 1. HP: 13/13 MP: 3/3
    73 | D:1      | Reached skill level 1 in Conjurations
   330 | D:1      | Reached XP level 2. HP: 6/19 MP: 0/5
   763 | D:1      | Reached XP level 3. HP: 16/24 MP: 2/6
  1379 | D:2      | Reached XP level 4. HP: 24/30 MP: 0/8
  1931 | D:3      | Reached XP level 5. HP: 22/35 MP: 4/9
  2146 | D:3      | Noticed a centaur
  2152 | D:3      | Upgraded the game from 0.19-a0-1851-g3228ea0 to 0.19-a0-1855-gb7442ac
  2170 | D:3      | Killed a centaur
  2358 | D:$      | Safely got out of the dungeon.

Vault maps used:
D:1:      onia_arrival_larder, corexii_item_surrounded_by_moat,
          minmay_split_cup_small
D:2:      first_bread
D:3:      kennysheep_generic_room_10

Skill      XL: |  1  2  3  4 |
---------------+-------------+-----
Conjurations   | 1 2 |  2.9
Fire Magic     | 3 |  3.4
Spellcasting   | 3 |  3.6
Dodging        | |  1.5
Stealth        | |  1.5

Action                   |  1- 3 |  4- 6 || total
-------------------------+-------+-------++-------
Melee: Unarmed           |    17 |       ||    17
       Short sword       |     8 |     6 ||    14
       Whip              |       |     8 ||     8
 Cast: Flame Tongue      |    69 |    45 ||   114
  Use: Scroll            |       |     1 ||     1
 Stab: Sleeping          |       |     1 ||     1
Armor: Robe              |    14 |     4 ||    18
Dodge: Dodged            |    44 |    29 ||    73
